 Dungeon Crawl Stone Soup version 0.22.1-6-g1668fe2c40 (webtiles) character file.

4 Crl the Magician (level 1, 0/13 HPs)
             Began as a Gnoll Wizard on Jan 20, 2019.
             Slain by a jackal (1 damage)
             ... on level 1 of the Dungeon.
             The game lasted 00:00:38 (75 turns).

Crl the Magician (Gnoll Wizard)                       Turns: 75, Time: 00:00:38

Health: 0/13       AC:  2    Str:  9    XL:     1   Next: 60%
Magic:  1/8        EV: 14    Int: 20    God:
Gold:   0          SH:  0    Dex: 13    Spells: 13/14 levels left

rFire    . . .     SeeInvis .   e - +0 club
rCold    . . .     Gourm    .   (no shield)
rNeg     . . .     Faith    .   a - +0 robe
rPois    .         Spirit   .   b - +0 hat
rElec    .         Reflect  .   (no cloak)
rCorr    .         Harm     .   (no gloves)
MR       .....                  (no boots)
Stlth    ++........             (no amulet)
HPRegen  0.04/turn              (no ring)
MPRegen  0.11/turn              (no ring)

@: very slightly contaminated
A: distributed training, fangs 1, strong nose
a: no special abilities


You were on level 1 of the Dungeon.
You were not hungry.

You visited 1 branch of the dungeon, and saw 1 of its levels.

Inventory:

Hand Weapons
 e - a +0 club (weapon)
Armour
 a - a +0 robe (worn)
 b - a +0 hat (worn)
Potions
 c - a potion of ambrosia {unknown}
Comestibles
 d - a ration
 f - a chunk of flesh


   Skills:
 + Level 0.0 Fighting
 + Level 0.0 Short Blades
 + Level 0.0 Long Blades
 + Level 0.0 Axes
 + Level 0.0 Maces & Flails
 + Level 0.0 Polearms
 + Level 0.0 Staves
 + Level 0.0 Slings
 + Level 0.0 Bows
 + Level 0.0 Crossbows
 + Level 0.0 Throwing
 + Level 0.0 Armour
 + Level 4.4 Dodging
 + Level 4.0 Stealth
 + Level 0.0 Shields
 + Level 0.0 Unarmed Combat
 + Level 7.0 Spellcasting
 + Level 1.9 Conjurations
 + Level 0.0 Hexes
 + Level 0.0 Charms
 + Level 1.9 Summonings
 + Level 0.0 Necromancy
 + Level 1.9 Translocations
 + Level 0.0 Transmutations
 + Level 0.0 Fire Magic
 + Level 0.0 Ice Magic
 + Level 0.0 Air Magic
 + Level 0.0 Earth Magic
 + Level 0.0 Poison Magic
 + Level 0.1 Invocations
 + Level 0.0 Evocations


You had 13 spell levels left.
You knew the following spells:

 Your Spells              Type           Power        Failure   Level  Hunger
a - Magic Dart            Conj           ##..         4%          1    None

Your spell library contained the following spells:

 Spells                   Type           Power        Failure   Level  Hunger
 Blink                    Tloc           N/A          6%          2    None
 Call Imp                 Summ           ##......     6%          2    None
 Slow                     Hex            #.......     14%         2    None
 Conjure Flame            Conj/Fire      ##......     19%         3    #......
 Mephitic Cloud           Conj/Pois/Air  #.......     22%         3    #......


Dungeon Overview and Level Annotations

Branches:
Dungeon (1/15)

Altars:


Innate Abilities, Weirdness & Mutations

Your experience applies equally to all skills.
You have very sharp teeth.
Your uncanny sense of smell can sniff out nearby items.


Message History

* * * LOW HITPOINT WARNING * * *
You take 3 damage, and have 3/13 hp.
MASSIVE DAMAGE!!
You now have 1/8 mp.
Unknown command.
Aim: a jackal (lightly wounded)
The magic dart hits the jackal.
* * * LOW MAGIC WARNING * * *
The jackal bites you.
* * * LOW HITPOINT WARNING * * *
You now have 0/8 mp.
You are too injured to fight recklessly!
You hit the jackal. The jackal bites you.
* * * LOW HITPOINT WARNING * * *
The jackal bites you but does no damage.
You take 2 damage, and have 1/13 hp.
You closely miss the jackal. The jackal barely misses you.
The jackal completely misses you.
You hit the jackal. The jackal bites you.
You die...

######## #.h@รท..#
#.####.# ##.####.#
####....##.########
.h.......#...........#
...............#####.#
########.......##
#........# ###.##...#


You could see a jackal.

Vault maps used:
D:1:      lightli_arrival_boilingwater

Notes
Turn   | Place    | Note
-------+----------+-------------------------------------------
     0 | D:1      | Crl the Gnoll Wizard began the quest for the Orb.
     0 | D:1      | Reached XP level 1. HP: 13/13 MP: 8/8
    68 | D:1      | Identified a +0 club (You took it off a hobgoblin on level
                  | 1 of the Dungeon)
    71 | D:1      | HP: 3/13 [jackal (3)]
    73 | D:1      | HP: 1/13 [jackal (2)]
    75 | D:1      | Slain by a jackal

Table legend:
 A = Turns spent in this place as a percentage of turns spent in the entire game.
 B = Non-inter-level travel turns spent in this place as a percentage of non-inter-level travel turns spent in the entire game.
 C = Inter-level travel turns spent in this place as a percentage of turns spent in this place.
 D = Turns resting spent in this place as a percentage of non-inter-level travel turns spent in this place.
 E = Turns spent auto-exploring this place as a percentage of non-inter-level travel turns spent in this place.
 F = Non-inter-level travel turns spent in this place divided by the number of levels of this place that you've seen.
                   A       B       C       D       E      F
               +-------+-------+-------+-------+-------+----------------------
         Total | 100.0 | 100.0 |   0.0 |   0.0 |  48.0 |  75.0
       Dungeon | 100.0 | 100.0 |   0.0 |   0.0 |  48.0 |  75.0
               +-------+-------+-------+-------+-------+----------------------

Table legend:
 A = Kills in this place as a percentage of kills in entire the game.
 B = Kills by you in this place as a percentage of kills by you in the entire game.
 C = Kills by friends in this place as a percentage of kills by friends in the entire game.
 D = Other kills in this place as a percentage of other kills in the entire game.
 E = Experience gained in this place as a percentage of experience gained in the entire game.
 F = Experience gained in this place divided by the number of levels of this place that you have seen.
                   A       B       C       D       E      F
               +-------+-------+-------+-------+-------+----------------------
         Total | 100.0 | 100.0 |   N/A |   N/A | 100.0 |   6.0
       Dungeon | 100.0 | 100.0 |   N/A |   N/A | 100.0 |   6.0
               +-------+-------+-------+-------+-------+----------------------

Action                   || total
-------------------------++-------
Melee: Club              ||     5
 Cast: Magic Dart        ||    10
Armor: Robe              ||     3
Dodge: Dodged            ||    12

Vanquished Creatures
  A bat (D:1)
  A hobgoblin (D:1)
  A jackal (D:1)
3 creatures vanquished.
